AoeStats
← 蒲池木昜

Black Forest

510085032Analyzed
4v4 RM · 2d ago on Sep 29, 2026· 12m 38s· 8 players
Game mode
Random Map
Map size
Large (8 player)
Population
200
Speed
Normal
Resources
Standard
Victory
Conquest
Starting age
Dark Age
Ending age
Imperial Age
RankedLock teamsTeams togetherTeam positionsShared explorationLock speedFull tech treeHidden civsTurbo modeCheats
Victory
Defeat
🇨🇳 Persians · China
1032
+13
940
+16
🇨🇳 Italians · China
937
+16
🇨🇳 Cumans · China
861
+56
🇨🇳 Spanish · China
982
-18
🇹🇼 Bohemians · Taiwan
979
-18
🇨🇿 Khmer · Czechia
971
-17
🇩🇪 Britons · Germany
853
-12
Julius Caesar
0:29 Loom
13:57 Feudal Age
495556203
0:29 Loom
12:06 Feudal Age
13:29 Wheelbarrow
12:37 Horse Collar
12:45 Double-Bit Axe
12:53 Gold Mining
瘦死的骆驼比马大
11:03 Feudal Age
蒲池木昜
12:17 Feudal Age
DESTINNI
2:11 Loom
9:26 Feudal Age
DonLeberkaso
3:55 Loom
9:59 Feudal Age
Dark_Knight
0:28 Loom
11:29 Feudal Age
S个帅哥
1:07 Loom
Connection lost

Rejoining the realm…

Still unreachable

The connection could not be restored.

Session expired

The server has moved on; the page needs a fresh start.